Map: [ESL] Cosmic Sapphire

Players

Lambo - Winner!

  • Race: Zerg Zerg
  • Spawn Location: 11:00

PtitDrogo

  • Race: Protoss Protoss
  • Spawn Location: 5:00

Event: HomeStory Cup XXII

VOD

Have the link to the VOD?

Description

Time

  • Played on: Dec. 15, 2022, 8:35 a.m.
  • Length: 19:15

All games in this series

Show
View Real Time Build Order
Export as new Build Order

Lambo Zerg - Winner!

Build Orders: Hatch First, Lurkers 

Get SALT Encoding   

  12  0:00  Drone  
  13  0:12  Overlord  
  13  0:17  Drone  
  14  0:31  Drone x2  
  16  0:44  Drone  
  17  0:52  Hatchery  
  17  0:54  Drone  
  17  0:58  Drone  
  18  1:08  Extractor  
  17  1:14  Spawning Pool  
  17  1:16  Drone  
  17  1:19  Drone  
  18  1:29  Drone  
  19  1:39  Drone  
  20  1:54  Overlord  
  20  2:00  Queen  
  22  2:03  Queen  
  22  2:04  Zergling x2, Drone  
  22  2:08  Metabolic Boost  
  26  2:12  Zergling x2  
  26  2:14  Drone  
  28  2:21  Drone  
  29  2:26  Drone  
  30  2:34  Hatchery  
  30  2:36  Drone  
  30  2:39  Drone  
  31  2:47  Overlord  
  31  2:48  Drone  
  32  2:52  Queen  
  32  2:56  Zergling x2  
  32  2:57  Drone  
  36  3:09  Spore Crawler  
  36  3:13  Overlord  
  36  3:14  Queen  
  36  3:17  Drone x4  
  42  3:20  Drone x2  
  43  3:35  Queen, Drone  
  43  3:36  Drone x2  
  43  3:39  Drone x2  
  50  3:46  Overlord  
  50  3:47  Drone x2  
  52  3:48  Queen  
  52  3:53  Drone x2  
  56  3:57  Overlord  
  56  4:01  Drone x2  
  58  4:03  Spore Crawler x2  
  58  4:09  Drone x2  
  58  4:10  Overlord  
  58  4:13  Zergling x4  
  58  4:15  Zergling x4  
  60  4:20  Drone  
  60  4:22  Drone  
  62  4:24  Drone x2  
  62  4:27  Spore Crawler, Drone  
  62  4:30  Overlord  
  62  4:31  Roach Warren  
  63  4:33  Drone  
  63  4:35  Drone  
  65  4:40  Overlord  
  65  4:46  Drone  
  65  4:47  Drone  
  65  4:51  Drone x4  
  67  4:53  Drone  
  67  4:54  Drone x2  
  67  4:57  Drone  
  67  4:59  Drone x4  
  75  5:01  Lair  
  75  5:06  Drone  
  76  5:07  Extractor  
  76  5:08  Drone  
  76  5:09  Evolution Chamber  
  76  5:10  Drone, Extractor x2  
  74  5:16  Drone  
  74  5:18  Overlord  
  75  5:24  Drone  
  75  5:26  Overlord  
  75  5:28  Drone x2, Hatchery, Extractor, Overlord  
  78  5:30  Extractor  
  78  5:33  Overlord  
  78  5:35  Overlord  
  75  5:39  Drone x2  
  75  5:42  Drone x2  
  78  5:43  Drone, Zerg Missile Weapons Level 1, Overlord  
  78  5:45  Drone  
  78  5:49  Drone  
  81  5:51  Queen  
  81  5:52  Drone  
  81  5:53  Drone  
  85  6:00  Roach x6  
  97  6:04  Glial Reconstitution  
  97  6:05  Overlord  
  97  6:08  Overlord  
  101  6:11  Roach x2  
  101  6:15  Roach x3  
  107  6:30  Roach x9  
  107  6:32  Roach  
  119  6:35  Queen  
  118  6:40  Overlord  
  118  6:41  Roach x2  
  119  6:47  Overlord  
  119  6:49  Overlord  
  119  6:51  Pneumatized Carapace  
  119  6:52  Roach x2  
  119  6:53  Roach x2  
  126  6:56  Drone x2  
  126  7:00  Roach x3  
  134  7:02  Overlord  
  134  7:06  Roach x3  
  140  7:09  Overlord  
  140  7:12  Overlord  
  140  7:13  Roach  
  142  7:22  Drone  
  143  7:23  Spine Crawler  
  143  7:24  Roach  
  143  7:25  Roach x4  
  143  7:29  Roach x3  
  158  7:37  Roach x2  
  158  7:38  Roach x3  
  168  7:45  Roach x4, Ravager  
  168  7:49  Roach  
  168  7:50  Roach x2  
  183  8:00  Ravager x7, Overlord  
  183  8:01  Roach x3  
  183  8:04  Queen  
  196  8:23  Overlord  
  196  8:24  Overlord  
  194  8:28  Roach x2  
  194  8:33  Overlord  
  198  8:41  Roach x7  
  199  8:43  Roach  
  199  8:47  Roach  
  199  8:48  Roach x2  
  190  8:50  Roach x6  
  190  8:55  Ravager  
  193  9:04  Roach  
  193  9:05  Roach x5  
  193  9:08  Roach  
  175  9:12  Roach x2  
  175  9:16  Zerg Missile Weapons Level 2  
  177  9:17  Infestation Pit, Roach x2  
  177  9:18  Hydralisk Den  
  177  9:20  Ravager  
  177  9:22  Roach x2  
  178  9:26  Ravager  
  178  9:30  Roach x2  
  171  9:33  Roach x2  
  167  9:41  Roach x2  
  167  9:43  Roach x2  
  166  9:45  Drone  
  166  9:46  Queen  
  166  9:47  Burrow  
  166  9:52  Drone x4  
  164  9:58  Drone x2  
  164  9:59  Lurker Den  
  157  10:01  Zergling x4, Extractor  
  157  10:02  Extractor  
  157  10:03  Hive  
  157  10:04  Queen  
  157  10:05  Drone  
  160  10:12  Zergling x6  
  163  10:15  Grooved Spines  
  163  10:18  Spine Crawler  
  163  10:21  Hydralisk x3  
  162  10:27  Drone x3  
  171  10:29  Hydralisk x2  
  175  10:38  Hydralisk x2  
  175  10:39  Drone x2  
  175  10:41  Spine Crawler  
  179  10:43  Hydralisk  
  179  10:48  Hydralisk  
  175  10:58  Lurker  
  175  11:01  Lurker x4  
  180  11:08  Hydralisk x3  
  180  11:09  Hydralisk  
  175  11:13  Lurker  
  175  11:15  Roach x8  
  188  11:23  Zergling x18  
  194  11:26  Lurker, Seismic Spines  
  182  11:57  Lurker x5  
  186  12:06  Hydralisk  
  186  12:07  Hydralisk x2  
  163  12:26  Lurker, Hatchery  
  163  12:27  Adaptive Talons  
  161  12:35  Hydralisk x6  
  161  12:43  Hydralisk x3  
  164  12:51  Overlord  
  164  12:56  Hydralisk  
  164  12:57  Hydralisk  
  161  12:59  Hatchery  
  156  13:11  Hydralisk x5  
  160  13:13  Lurker  
  160  13:14  Lurker  
  157  13:21  Roach  
  157  13:22  Roach x5  
  157  13:26  Hydralisk x4  
  149  13:40  Overseer  
  115  13:51  Zergling x12, Queen x2  
  115  13:52  Queen  
  108  13:57  Lurker  
  108  13:58  Lurker x3  
  104  14:03  Hydralisk  
  104  14:04  Zergling x4  
  104  14:07  Queen  
  104  14:09  Zergling x4  
  104  14:10  Hydralisk  
  104  14:11  Lurker  
  100  14:26  Lurker  
  100  14:27  Zergling x10  
  106  14:33  Overseer  
  106  14:36  Overseer  
  103  14:44  Muscular Augments  
  103  14:45  Hydralisk  
  103  14:49  Lurker  
  106  14:59  Hydralisk  
  103  15:08  Hydralisk  
  103  15:13  Hydralisk  
  100  15:15  Hydralisk  
  100  15:21  Overseer  
  92  15:31  Hydralisk x3  
  86  15:48  Hydralisk x2  
  75  15:52  Overseer  
  66  16:01  Hydralisk  
  64  16:06  Hydralisk  
  64  16:16  Hydralisk  
  60  16:24  Hydralisk x2  
  64  16:30  Overseer  
  62  16:34  Hydralisk  
  62  16:40  Hydralisk  
  64  16:49  Viper  
  64  16:51  Hydralisk  
  64  16:54  Lurker  
  70  16:57  Hydralisk  
  72  17:05  Hydralisk  
  74  17:13  Overseer  
  74  17:15  Hydralisk  
  74  17:17  Overseer  
  74  17:20  Hydralisk  
  79  17:22  Lurker  
  79  17:26  Hydralisk  
  81  17:36  Hydralisk  
  83  17:38  Hydralisk  
  83  17:44  Lurker  
  83  17:46  Hydralisk  
  85  18:01  Hydralisk x2  
  89  18:09  Hydralisk x2  
  91  18:15  Hydralisk  
  82  18:27  Hydralisk  
  84  18:38  Hydralisk  
Show
View Real Time Build Order
Export as new Build Order

PtitDrogo Protoss 

Build Orders: 1 Gate Expand, Oracle Opening, Archon Immortal 

Get SALT Encoding   

  12  0:00  Probe  
  13  0:12  Probe  
  14  0:20  Pylon  
  14  0:24  Probe  
  15  0:38  Probe (Chrono Boost)  
  15  0:40  Gateway  
  16  0:47  Probe (Chrono Boost)  
  17  0:51  Assimilator  
  17  0:52  Probe (Chrono Boost)  
  18  1:04  Probe  
  19  1:16  Probe  
  20  1:25  Nexus  
  20  1:39  Cybernetics Core  
  20  1:40  Probe  
  21  1:47  Assimilator  
  21  1:53  Probe  
  22  1:55  Pylon  
  22  2:05  Probe  
  23  2:13  Adept (Chrono Boost)  
  23  2:17  Probe  
  23  2:19  Stargate  
  26  2:27  Warp Gate  
  26  2:29  Probe (Chrono Boost)  
  27  2:37  Adept  
  29  2:40  Probe (Chrono Boost)  
  31  2:47  Probe (Chrono Boost)  
  31  2:50  Probe (Chrono Boost)  
  32  2:54  Probe (Chrono Boost)  
  32  2:55  Probe (Chrono Boost)  
  34  2:59  Oracle (Chrono Boost)  
  38  3:05  Probe  
  38  3:07  Probe  
  37  3:17  Probe  
  37  3:18  Gateway  
  37  3:19  Probe  
  39  3:26  Oracle (Chrono Boost)  
  39  3:29  Probe  
  42  3:36  Probe  
  43  3:42  Probe  
  46  3:51  Probe  
  46  3:54  Nexus  
  46  3:55  Pylon  
  45  3:57  Probe  
  45  4:04  Twilight Council, Probe  
  46  4:14  Probe (Chrono Boost)  
  46  4:15  Stalker x2  
  46  4:16  Probe (Chrono Boost)  
  52  4:18  Assimilator  
  52  4:20  Assimilator  
  52  4:22  Gateway  
  53  4:25  Probe (Chrono Boost)  
  53  4:28  Probe (Chrono Boost)  
  54  4:31  Pylon  
  54  4:37  Pylon  
  54  4:39  Charge (Chrono Boost)  
  54  4:45  Gateway  
  54  4:48  Gateway  
  54  4:49  Probe x2  
  56  4:56  Oracle  
  59  5:01  Gateway  
  59  5:02  Probe (Chrono Boost)  
  59  5:04  Zealot, Probe (Chrono Boost)  
  59  5:06  Zealot  
  65  5:08  Probe (Chrono Boost)  
  65  5:14  Probe (Chrono Boost)  
  68  5:18  Probe x2 (Chrono Boost)  
  68  5:20  Templar Archives, Probe (Chrono Boost)  
  69  5:26  Probe  
  69  5:27  Probe  
  69  5:28  Probe  
  71  5:30  Shield Battery  
  72  5:38  Probe  
  72  5:39  Probe  
  72  5:40  Probe  
  75  5:43  Zealot x2  
  75  5:44  Zealot x2  
  83  5:50  Probe  
  83  5:51  Probe  
  83  5:54  Pylon  
  85  6:07  Pylon  
  85  6:09  Pylon  
  85  6:10  Assimilator x2  
  85  6:12  Forge, Probe x3  
  85  6:16  Zealot x2  
  92  6:24  Probe  
  93  6:28  Psionic Storm  
  93  6:32  Zealot x4, Probe  
  97  6:35  Protoss Ground Weapons Level 1 (Chrono Boost)  
  97  6:36  Probe  
  97  6:37  Probe  
  97  6:38  Robotics Facility  
  97  6:39  Robotics Facility  
  97  6:44  Probe  
  97  6:46  High Templar x2  
  96  7:03  High Templar x3  
  96  7:04  Photon Cannon  
  96  7:06  Shield Battery, Photon Cannon  
  96  7:07  Nexus  
  102  7:10  Probe  
  102  7:15  Probe  
  104  7:18  Gateway x2  
  104  7:23  Immortal (Chrono Boost)  
  104  7:26  Observer (Chrono Boost)  
  104  7:28  Pylon  
  109  7:32  Pylon  
  109  7:42  Pylon  
  109  7:43  Probe x2  
  109  7:49  High Templar x2  
  109  7:50  Zealot x2  
  115  7:53  Immortal x2 (Chrono Boost)  
  115  7:56  Archon  
  115  7:57  Shield Battery x2  
  117  8:01  Zealot x2  
  121  8:08  Shield Battery  
  121  8:09  Shield Battery, Pylon  
  121  8:12  Pylon  
  117  8:15  High Templar  
  117  8:16  High Templar x3  
  117  8:19  Archon  
  123  8:20  Archon  
  123  8:27  Stalker x2  
  123  8:28  Immortal  
  130  8:40  Stalker x2  
  123  8:49  Zealot x4  
  123  8:54  Immortal (Chrono Boost)  
  132  8:55  Stalker x2  
  132  9:03  Zealot x2  
  132  9:05  Immortal (Chrono Boost)  
  132  9:14  Zealot x4  
  138  9:19  Protoss Ground Weapons Level 2  
  134  9:27  Immortal (Chrono Boost)  
  133  9:31  Zealot x4  
  133  9:33  Archon  
  133  9:36  Immortal (Chrono Boost)  
  127  9:53  Observer  
  127  9:57  Nexus  
  128  10:04  High Templar x3  
  128  10:05  High Templar  
  136  10:09  Pylon  
  136  10:11  Pylon x2  
  136  10:12  Pylon  
  138  10:15  Immortal (Chrono Boost)  
  138  10:26  Zealot  
  138  10:27  Immortal (Chrono Boost)  
  144  10:31  Shield Battery, Zealot  
  144  10:32  Shield Battery  
  144  10:33  High Templar  
  144  10:34  Zealot  
  150  10:40  Stalker x3  
  156  10:46  Immortal (Chrono Boost)  
  158  10:56  Zealot x4, Warp Prism (Chrono Boost)  
  166  11:02  Probe x2  
  166  11:12  Stalker x4  
  166  11:14  Probe  
  175  11:23  Immortal  
  179  11:32  Zealot x4  
  177  11:51  Zealot x4  
  177  11:58  Stargate  
  177  11:59  Fleet Beacon  
  177  12:00  Protoss Ground Weapons Level 3 (Chrono Boost)  
  177  12:01  Stargate  
  175  12:04  High Templar x2  
  175  12:05  Zealot x2  
  183  12:09  Protoss Air Weapons Level 1 (Chrono Boost)  
  183  12:13  Observer (Chrono Boost)  
  183  12:14  Observer (Chrono Boost)  
  185  12:18  Zealot x2  
  175  12:32  Zealot x3  
  175  12:33  Zealot  
  175  12:37  Zealot x2  
  183  12:42  Mothership (Chrono Boost)  
  183  12:43  Zealot  
  181  12:54  Assimilator  
  181  12:55  Assimilator  
  181  12:57  Probe x2 (Chrono Boost), Pylon  
  181  13:01  Zealot x4  
  181  13:05  Nexus  
  179  13:06  Zealot x2, Pylon  
  173  13:14  Zealot x2  
  147  13:27  Zealot x5  
  147  13:28  Zealot  
  151  13:39  Archon  
  151  13:40  Archon  
  111  13:49  Zealot x7  
  77  14:05  High Templar  
  73  14:10  Stalker x5  
  73  14:17  High Templar  
  74  14:36  Zealot x5  
  74  14:37  Tempest (Chrono Boost)  
  84  14:42  High Templar  
  91  14:47  Probe x4  
  91  14:50  High Templar  
  97  14:52  Pylon  
  97  14:57  High Templar  
  97  14:58  High Templar x4  
  107  15:01  Archon x2  
  107  15:02  Archon  
  106  15:08  Archon  
  80  15:26  Zealot x2  
  79  15:32  Zealot x4  
  79  15:33  Zealot  
  87  15:46  Zealot x2  
  87  15:47  Tempest (Chrono Boost), Probe  
  87  15:48  Carrier (Chrono Boost), Probe  
  61  16:15  Probe, Photon Cannon  
  61  16:18  Photon Cannon  
  59  16:22  Shield Battery  
  59  16:25  Robotics Facility, Oracle (Chrono Boost)  
  53  16:43  Zealot x3  
  57  16:51  Zealot  
  57  16:53  Zealot  
  61  17:06  Assimilator  
  61  17:07  Assimilator  
  61  17:17  High Templar  
  61  17:18  Zealot x3  
  69  17:37  Zealot x2  
  73  17:52  Photon Cannon  
  61  17:59  Tempest (Chrono Boost)  
  46  18:52  Zealot x3, Stalker x3  
Tags
 
Add a new tag
Caveats
  • Supply blocks, unpowered buildings, or Contaminate may cause inaccurate times.
  • Supply counts are checked every 10 seconds.